 Dungeon Crawl Stone Soup version 0.16-a0-3472-g5ce0ac0 (webtiles) character file.

179 Frontstab the Skirmisher (level 5, -3/61 HPs)
             Began as an Ogre Transmuter on Jan 3, 2015.
             Slain by an adder (4 damage)
             ... on level 3 of the Dungeon.
             The game lasted 00:17:08 (2743 turns).

Frontstab the Skirmisher (Ogre Transmuter)          Turns: 2743, Time: 00:17:09

Health: -3/61      AC:  3    Str: 16      XL:     5   Next: 59%
Magic:  8/16       EV: 11    Int: 10 (12) God:
Gold:   153        SH:  0    Dex: 10      Spells: 2 memorised, 12 levels left

rFire  . . .     SeeInvis .     v - +0 war axe (curse)
rCold  . . .     Clarity  .     c - +0 robe
rNeg   . . .     SustAb   .     (shield restricted)
rPois  .         Gourm    .     (helmet restricted)
rElec  .         Spirit   .     (no cloak)
rCorr  .         Warding  .     (gloves unavailable)
rMut   .         Stasis   .     (boots unavailable)
MR     .....                    (no amulet)
Stlth  +.........               (no ring)
                                (no ring)

@: lethally poisoned, appendage (expiring), not resistant to hostile
enchantments, very unstealthy
A: unfitting armour, horns 2, tough skin 1
a: End Transformation


You were on level 3 of the Dungeon.
You were not hungry.
You had grown temporary horns.
You visited 1 branch of the dungeon, and saw 3 of its levels.

You collected 153 gold pieces.

Inventory:

Hand weapons
 v - a cursed +0 war axe (weapon)
Missiles
 b - 45 arrows
 e - 3 needles of confusion
 f - 23 stones (quivered)
Armour
 c - a +0 robe (worn)
Magical devices
 t - a wand of slowing (0)
Scrolls
 g - 3 scrolls of identify {unknown}
 i - 2 scrolls of immolation {unknown}
 k - a scroll of recharging {unknown}
 l - 3 scrolls of remove curse {unknown}
 s - a scroll of magic mapping {unknown}
 u - a scroll of blinking {unknown}
 w - a scroll of enchant armour {unknown}
Potions
 h - a potion of degeneration
 m - a potion of curing {unknown}
Books
 d - a book of Changes

   Spells                             Type                      Level
   a - Beastly Appendage              Transmutation                1
   b - Sticks to Snakes               Transmutation                2
   c - Spider Form                    Transmutation/Poison         3
   d - Ice Form                       Ice/Transmutation            4
   e - Blade Hands                    Transmutation                5
Comestibles
 a - 2 meat rations
 n - 3 beef jerkies
 o - a slice of pizza
 p - a bread ration
 q - a royal jelly
 r - 2 chunks of flesh


   Skills:
 + Level 6.9 Fighting
 + Level 4.6 Dodging
 + Level 5.2 Unarmed Combat
 + Level 5.7 Spellcasting
 + Level 5.4 Transmutations


You had 12 spell levels left.
You knew the following spells:

 Your Spells              Type           Power        Failure   Level  Hunger
a - Beastly Appendage     Trmt           ##....       2%          1    None
b - Sticks to Snakes      Trmt           ##........   4%          2    ##.....


Dungeon Overview and Level Annotations

Branches:
Dungeon (3/15)

Altars:


Innate Abilities, Weirdness & Mutations

You are too large for most types of armour.
You have tough skin (AC +1).
You have a pair of horns on your head.


Message History

* * * LOW HITPOINT WARNING * * *
You feel sick. The adder closely misses you. The adder bites you.
* * * LOW HITPOINT WARNING * * *
Drink which item? (? for menu, Esc to quit)
It was a potion of degeneration.
There was something very wrong with that liquid.
You feel dopey. The adder barely misses you.
Drink which item? (? for menu, Esc to quit)
It was a potion of experience.
You feel more experienced!
Your Fighting skill gained 3 levels and is now at level 6!
Your Dodging skill gained 2 levels and is now at level 4!
Your Unarmed Combat skill gained 2 levels and is now at level 5!
Your Spellcasting skill gained 3 levels and is now at level 5!
Your Transmutations skill gained 3 levels and is now at level 5!
You have reached level 5!
Your transformation is almost over.
* * * LOW HITPOINT WARNING * * *
You feel sick. The adder bites you.
You die...

....#### #.# #.###[....#######
...## #######.###.#..............
..)# #......<.##.#......######..
...####..................######..
...##....................##......
..........#.#............##......
..........#.#.......#######......
...............##.#########...[..
#...............@S†......##......
############...###.......##......
# ###.# ....... #.##### # ###
....... #. # # ....... # # #
...... # ##### # . #


You could see an adder.

Vanquished Creatures
  3 adders
  An adder skeleton (D:2)
  3 oozes (D:2)
  A ball python (D:1)
  A bat skeleton (D:2)
  2 bat zombies (D:2)
  4 giant cockroaches
  10 goblins
  5 hobgoblins
  2 jackals (D:2)
  A quokka (D:3)
  8 bats
  A giant newt (D:1)
  8 kobolds
  2 rats
52 creatures vanquished.

Vanquished Creatures (collateral kills)
  Jessica (D:3)
  A jackal (D:2)
2 creatures vanquished.

Grand Total: 54 creatures vanquished

Notes
Turn   | Place    | Note
--------------------------------------------------------------
     0 | D:1      | Frontstab, the Ogre Transmuter, began the quest for the Orb.
     0 | D:1      | Reached XP level 1. HP: 19/19 MP: 3/3
   216 | D:1      | Reached XP level 2. HP: 12/28 MP: 5/5
  1038 | D:1      | Learned a level 2 spell: Sticks to Snakes
  1220 | D:2      | Reached XP level 3. HP: 29/36 MP: 4/6
  1302 | D:2      | Reached skill level 3 in Unarmed Combat
  1748 | D:2      | Reached XP level 4. HP: 37/45 MP: 4/8
  1967 | D:3      | Noticed Jessica
  2026 | D:3      | Killed Jessica
  2741 | D:3      | HP: 2/45 [adder (3)]
  2743 | D:3      | Reached skill level 6 in Fighting
  2743 | D:3      | Reached skill level 5 in Unarmed Combat
  2743 | D:3      | Reached skill level 5 in Spellcasting
  2743 | D:3      | Reached skill level 5 in Transmutations
  2743 | D:3      | Reached XP level 5. HP: 2/61 MP: 8/16
  2743 | D:3      | Slain by an adder

Action                   |  1- 3 |  4- 6 || total
-------------------------+-------+-------++-------
Melee: Unarmed           |    47 |       ||    47
       Hand axe          |    86 |    34 ||   120
       War axe           |       |    27 ||    27
Throw: Stone             |       |     7 ||     7
 Cast: Beastly Appendage |    23 |    12 ||    35
       Sticks to Snakes  |     2 |     5 ||     7
  Use: Potion            |       |     2 ||     2
  Eat: Chunk             |     3 |     4 ||     7
